 Dungeon Crawl Stone Soup version bcrawl-1.28.1b (webtiles) character file.

Game seed: 14459475779775172165

126964 Chaotty the Shooter (level 3, -1/30 HPs)
             Began as a Centaur Hunter on Jan 1, 2021.
             Slain by Grinder (10 damage)
             ... while paralysed by Grinder
             ... on level 4 of the Dungeon.
             The game lasted 00:18:02 (1465 turns).

Chaotty the Shooter (Centaur Hunter)                Turns: 1465, Time: 00:18:03

Health: -1/30      AC:  4    Str: 16    XL:     3   Next: 82%
Magic:  3/3        EV:  1    Int: 11    God:
Gold:   137        SH:  0    Dex: 10    Spells: 2/2 levels left

rFire    . . .     SeeInvis +   a - +2 shortbow
rCold    . . .     Gourm    .   (shield currently unavailable)
rNeg     . . .     Faith    +   c - +0 leather armour
rPois    .         Spirit   .   (no helmet)
rElec    .         Reflect  .   (no cloak)
rCorr    .         Harm     .   (no gloves)
MR       .....                  (no barding)
Stlth    +.........             y - amulet of faith
HPRegen  0.10/turn              n - ring of see invisible
MPRegen  0.08/turn              (no ring)

@: paralysed, very quick
A: large, hooves 3, deformed body, herbivore, speed 2, tough skin 3
a: no special abilities


You were on level 4 of the Dungeon.
You were not hungry.

You visited 1 branch of the dungeon, and saw 4 of its levels.

You collected 137 gold pieces.

Inventory:

Hand Weapons
 a - a +2 shortbow (weapon)
 b - a +0 short sword
 i - a +0 short sword
 k - a +3 dagger
 o - a +0 club
 p - a +0 dagger
 q - a +0 hand axe
 A - a -3 war axe
Missiles
 d - 630 arrows (quivered)
 j - 82 poisoned needles
 r - 98 javelins
Armour
 c - a +0 leather armour (worn)
 s - a +0 buckler
 w - a +0 pair of boots
Jewellery
 n - a ring of see invisible (left hand)
 y - an amulet of faith (around neck)
Scrolls
 f - 2 scrolls of enchant weapon
 g - 2 scrolls of identify
 m - 3 scrolls of teleportation
 t - a scroll of remove curse
 u - a scroll of fear {unknown}
 v - 3 scrolls of immolation {unknown}
Potions
 l - a potion of magic {unknown}
 x - a potion of cancellation {unknown}
 z - a potion of heal wounds {unknown}
Comestibles
 e - 3 rations {!d}


   Skills:
 + Level 2.6 Fighting
 + Level 6.8 Bows
 * Level 0.8 Armour
 - Level 1.4 Dodging
 + Level 0.5 Stealth


You had 2 spell levels left.
You didn't know any spells.
Your spell library was empty.

Dungeon Overview and Level Annotations

Branches:
Dungeon (4/12)
 Temple: D:4-7

Altars:

Annotations:
D:4 Grinder


Innate Abilities, Weirdness & Mutations

You have hooves in place of feet.
Armour fits poorly on your strangely shaped body.
You are a herbivore.
You cover ground very quickly.
You have extremely tough skin. (AC +3)


Message History

Aim: an orc, wielding a +0 mace You shoot an arrow.
The arrow hits the orc!
You kill the orc!
Grinder hits you.
* * * LOW HITPOINT WARNING * * *
Grinder barely misses you.
You climb upwards.
An adder comes into view.
There is a stone staircase leading down here.
You can't go up here!
Grinder says, "DUCK!"
Grinder hits you but does no damage. The worm closely misses you.
You climb downwards.
There is a stone staircase leading up here.
You can't go down here!
You can't go down here!
Grinder gestures at you.
You suddenly lose the ability to move!
Grinder hits you!
You die...

#... ......#
#... ...?...
#... .......
#... .......
#... .......
#... .......
#..5#5......
#..w@.......
#...##.#....
#... .. .
#(.. ...
#... ...
#... .. ....
. .....


You could see Grinder, a worm and a crimson imp.

Vanquished Creatures
  An adder (D:2)
  A worm (D:3)
  A dart slug (D:1)
  5 leopard geckos
  An orc (D:4)
  A ball python (D:1)
  A giant cockroach (D:2)
  A goblin (D:1)
  8 hobgoblins
  2 jackals (D:1)
  4 kobolds
  2 quokkas
  5 bats (D:1)
  A frilled lizard (D:1)
  3 rats (D:2)
37 creatures vanquished.

Notes
Turn   | Place    | Note
-------+----------+-------------------------------------------
     0 | D:1      | Chaotty the Centaur Hunter began the quest for the Orb.
     0 | D:1      | Reached XP level 1. HP: 17/17 MP: 1/1
    75 | D:1      | Reached XP level 2. HP: 24/24 MP: 2/2
   129 | D:1      | Reached skill level 6 in Bows
   404 | D:1      | Reached XP level 3. HP: 29/30 MP: 3/3
  1444 | D:3      | Noticed Grinder
  1450 | D:3      | Paralysed by Grinder for 2 turns
  1464 | D:4      | Paralysed by Grinder for 2 turns
  1465 | D:4      | Slain by Grinder

Skill      XL: |  1  2 |
---------------+-------+-----
Bows           | 6 |  6.8
Fighting       | |  2.6
Armour         | |  0.8
Dodging        | |  1.4
Stealth        | |  0.5

Action                   || total
-------------------------++-------
 Fire: Shortbow          ||   101
  Use: Scroll            ||     4
  Eat: Ration            ||     1
Armor: Leather armour    ||    16
Dodge: Dodged            ||    21
